[Event "Titled Tuesday Blitz March 28 Early 2023"]
[White "Amilal Munkhdalai"]
[Black "Kovalev, Vladislav"]
[WhiteFideId "4903250"]
[BlackFideId "13504398"]
[WhiteElo "2293"]
[BlackElo "2555"]
[Result "1/2-1/2"]
[Round "08"]
[TimeControl "180+2"]
[Date "2023.03.28"]
[WhiteClock "0:00:09"]
[BlackClock "0:00:10"]

1. e4 e5 2. Nf3 Nc6 3. Bb5 a6 4. Ba4 Nf6 5. d3 d6 6. c3 g6 7. Nbd2 Bg7 8. O-O O-O 9. Re1 b5 10. Bc2 Nb8 11. d4 Nbd7 12. Nf1 c5 13. dxe5 dxe5 14. a4 Bb7 15. Bg5 h6 16. Bxf6 Bxf6 17. Ne3 c4 18. Qe2 Qe7 19. Red1 Nb6 20. a5 Nd7 21. Nd5 Bxd5 22. Rxd5 Rfd8 23. Rad1 Nf8 24. b4 cxb3 25. Bxb3 Rxd5 26. Bxd5 Rc8 27. c4 b4 28. c5 Qxc5 29. Qxa6 Kg7 30. h4 Ne6 31. Ra1 Nf4 32. Bb3 Qc3 33. Rb1 Rc7 34. Qb5 Rc5 35. Qb7 Rc7 36. Qb5 Ra7 37. a6 g5 38. hxg5 hxg5 39. Qb6 Qd3 40. Nd2 Rxa6 41. Qb7 Ne6 42. Bxe6 Rxe6 43. Qxb4 g4 44. Nf1 Bg5 45. Ng3 Bf4 46. Qb3 Qxb3 47. Rxb3 Bxg3 48. Rxg3 Rg6 49. f3 gxf3 50. Rxg6+ Kxg6 51. gxf3 Kg5 52. Kg2 Kf4 53. Kf2 f6 54. Ke2 Kg3 55. Ke3 Kg2 56. Ke2 Kg1 57. Ke1 Kg2 58. Ke2 Kg1 59. Ke1 Kh2 60. Kd2 Kh3 61. Kd3 Kh4 62. Kd2 Kg3 63. Ke3 Kh3 64. Kd3 Kg2 65. Ke2 1/2-1/2


[Site "https://www.chess.com"]

[Event "Titled Tuesday Blitz March 28 Early 2023"]
[White "wqws"]
[Black "Timofeev, Artyom"]
[BlackFideId "4140419"]
[WhiteElo "2685"]
[BlackElo "2586"]
[Result "1-0"]
[Round "08"]
[TimeControl "180+2"]
[Date "2023.03.28"]
[WhiteClock "0:00:29"]
[BlackClock "0:00:02"]

1. e4 e5 2. Nf3 d5 3. exd5 e4 4. Ne5 Qxd5 5. d4 exd3 6. Nxd3 Bf5 7. Nc3 Qe6+ 8. Qe2 Nc6 9. Qxe6+ Bxe6 10. Bf4 O-O-O 11. O-O-O Nf6 12. Be2 Nd4 13. Rhe1 Nxe2+ 14. Rxe2 h6 15. a3 Be7 16. Nb5 Nd5 17. Be5 Bd7 18. Nc3 Bg5+ 19. Kb1 Nxc3+ 20. Bxc3 Rhg8 21. Rde1 h5 22. f4 Bh6 23. Re7 Rgf8 24. Ne5 Bxf4 25. Nxf7 Rde8 26. Bxg7 Rxf7 27. Rxe8+ Bxe8 28. Rxe8+ Kd7 29. Rg8 Bxh2 30. Bd4 Rf5 31. Rg7+ Kc6 32. Rg6+ Bd6 33. c4 b6 34. Kc2 Rf4 35. Kd3 Kd7 36. b4 Rh4 37. c5 bxc5 38. bxc5 Bh2 39. c6+ Ke8 40. Bxa7 Ra4 41. Bc5 Kf7 42. Rh6 Bf4 43. Rxh5 Ke6 44. Bb4 Ra6 45. Ke4 Bc1 46. Re5+ Kf6 47. Rc5 Bxa3 48. Bc3+ Ke6 49. Re5+ Kd6 50. g4 Ra4+ 51. Kf5 Kxc6 52. g5 Bd6 53. Re2 Rf4+ 54. Ke6 Rg4 55. Kf6 Rf4+ 56. Kg7 Rg4 57. g6 Kd5 58. Kf7 Rf4+ 59. Bf6 Rg4 60. g7 c5 61. g8=Q Rxg8 62. Kxg8 Bf4 63. Kf7 c4 64. Kg6 Bc1 65. Kf5 Kc5 66. Rc2 1-0


[Site "https://www.chess.com"]

[Event "Titled Tuesday Blitz March 28 Early 2023"]
[White "Shivakumar, Shawnak"]
[Black "Ashraf, Artin"]
[WhiteFideId "30940192"]
[BlackFideId "22514805"]
[WhiteElo "2089"]
[BlackElo "2188"]
[Result "1/2-1/2"]
[Round "08"]
[TimeControl "180+2"]
[Date "2023.03.28"]
[WhiteClock "0:00:21"]
[BlackClock "0:00:14"]

1. e4 c5 2. Nf3 d6 3. c3 Nf6 4. Be2 g6 5. O-O Bg7 6. d3 O-O 7. a3 Nc6 8. Nbd2 e5 9. b4 b6 10. b5 Ne7 11. c4 Nh5 12. g3 f5 13. Nh4 Nf6 14. exf5 gxf5 15. Bf3 Rb8 16. a4 Ng6 17. Nxg6 hxg6 18. a5 Bb7 19. axb6 axb6 20. Ra7 Qc8 21. Bxb7 Rxb7 22. Qa4 f4 23. Rxb7 Qxb7 24. f3 Ra8 25. Qc2 d5 26. cxd5 Nxd5 27. Qc4 Kh7 28. Ne4 Qd7 29. Ng5+ Kh8 30. Ne4 Ra5 31. Ng5 Rxb5 32. Qe4 Ne7 33. Qa8+ Qc8 34. Qa7 Qe8 35. Ne6 Rb1 36. Qa2 Rb4 37. Nxg7 Kxg7 38. gxf4 exf4 39. Bb2+ Kh7 40. Re1 Qf8 41. Bc3 Nf5 42. Bxb4 cxb4 43. Qc4 Qd6 44. Re4 b3 45. Qxb3 Qc5+ 46. Kg2 Ne3+ 47. Rxe3 fxe3 48. Qf7+ Kh6 49. Qf4+ Kg7 50. d4 Qc2+ 51. Kg3 Qf2+ 52. Kh3 Qf1+ 53. Kg3 Qg1+ 54. Kh3 Qf1+ 55. Kg3 Qf2+ 56. Kh3 e2 57. Qe5+ Kf7 58. Qd5+ Ke7 59. Qe5+ Kd7 60. Qd5+ Kc7 61. Qc4+ Kb7 62. Qd5+ Ka6 63. Qa2+ Kb5 64. Qb3+ Kc6 65. Qe6+ Kc7 66. Qe5+ Kb7 67. Qd5+ Kb8 68. Qd6+ Ka7 69. Qd7+ Ka6 70. Qa4+ Kb7 71. Qd7+ Kb8 72. Qd8+ Kb7 73. Qd7+ Ka8 74. Qa4+ Kb8 75. Qe8+ Kc7 76. Qe7+ Kc6 77. Qe6+ Kb5 78. Qb3+ Ka6 79. Qa4+ Kb7 80. Qd7+ 1/2-1/2


[Site "https://www.chess.com"]

[Event "Titled Tuesday Blitz March 28 Early 2023"]
[White "Duda, Jan-Krzysztof"]
[Black "Dixit, Nikhil"]
[WhiteFideId "1170546"]
[BlackFideId "5059534"]
[WhiteElo "2790"]
[BlackElo "2207"]
[Result "1-0"]
[Round "08"]
[TimeControl "180+2"]
[Date "2023.03.28"]
[WhiteClock "0:00:37"]
[BlackClock "0:00:04"]

1. b4 Nf6 2. Bb2 g6 3. Nf3 Bg7 4. e3 O-O 5. Be2 a5 6. b5 c5 7. c4 d5 8. cxd5 Nxd5 9. Bxg7 Kxg7 10. O-O b6 11. Na3 Bb7 12. Nc4 Nd7 13. Qc1 Qc7 14. Qb2+ Kg8 15. Rfd1 Rfe8 16. d4 Rad8 17. Rac1 N5f6 18. Qa3 Rc8 19. h3 Red8 20. Rd2 Ne4 21. Rdc2 Ndf6 22. Nxb6 Qxb6 23. dxc5 Qc7 24. c6 Ba8 25. Rc4 Nd2 26. Ra4 Nxf3+ 27. Bxf3 e5 28. Rxa5 e4 29. Be2 Kg7 30. Ra7 Qe5 31. Re7 Qf5 32. Rc5 Rd5 33. Rxd5 Qxd5 34. Qb3 Qxb3 35. axb3 Nd5 36. Ra7 Nb6 37. Ra6 Nd5 38. Bc4 Nb4 39. Ra7 Rf8 40. c7 Bd5 41. b6 Bxc4 42. bxc4 Nc6 43. Ra8 Rxa8 44. b7 Ra1+ 45. Kh2 Ne5 46. c8=Q 1-0


[Site "https://www.chess.com"]

[Event "Titled Tuesday Blitz March 28 Early 2023"]
[White "Bacrot, Etienne"]
[Black "Kozak, Antoni"]
[WhiteFideId "605506"]
[BlackFideId "21832030"]
[WhiteElo "2663"]
[BlackElo "2470"]
[Result "1-0"]
[Round "08"]
[TimeControl "180+2"]
[Date "2023.03.28"]
[WhiteClock "0:00:03"]
[BlackClock "0:00:01"]

1. e4 e5 2. Nf3 Nc6 3. Bc4 Be7 4. O-O Nf6 5. Re1 Nxe4 6. Rxe4 d5 7. Bxd5 Qxd5 8. Nc3 Qd6 9. d4 exd4 10. Nb5 Qd8 11. Bf4 O-O 12. Nxc7 Bf5 13. Rxd4 Nxd4 14. Nxd4 Bg6 15. Nxa8 Qxa8 16. c3 h6 17. Qf3 Bc5 18. Nb3 Bb6 19. Be3 Bc7 20. Bf4 Bb6 21. h4 Rd8 22. h5 Bd3 23. Qg3 Kh8 24. Bc7 Rd5 25. Qf3 Bc4 26. Bxb6 axb6 27. Nd4 Rg5 28. Nf5 Qa5 29. Ng3 Bd5 30. Qf4 Qb5 31. b3 Qc6 32. Rd1 Qxc3 33. Qd4 Qc2 34. Qd2 Qc6 35. Qf4 Kg8 36. f3 Be6 37. Kh2 Qc5 38. Rd8+ Kh7 39. Qb8 Rxh5+ 40. Nxh5 Qxh5+ 41. Kg1 Qc5+ 42. Kh2 Qh5+ 43. Kg3 Qg5+ 44. Kf2 Qc5+ 45. Ke1 Qc1+ 46. Ke2 Qc2+ 47. Rd2 Qc6 48. Qf4 Qb5+ 49. Kf2 Qc5+ 50. Qe3 Qc1 51. Re2 Qc7 52. Qe5 Qd7 53. Qe4+ g6 54. Qe5 Qc6 55. Rd2 Qc8 56. Kg3 1-0


[Site "https://www.chess.com"]

[Event "Titled Tuesday Blitz March 28 Early 2023"]
[White "Rustemov, Alexander"]
[Black "Vlassov, Nikolai"]
[WhiteFideId "4119002"]
[BlackFideId "4103360"]
[WhiteElo "2866"]
[BlackElo "2324"]
[Result "1/2-1/2"]
[Round "08"]
[TimeControl "180+2"]
[Date "2023.03.28"]
[WhiteClock "0:00:14"]
[BlackClock "0:00:10"]

1. d4 Nf6 2. c4 Nc6 3. Nf3 e6 4. a3 g6 5. Nc3 Bg7 6. g3 O-O 7. Bg2 d6 8. O-O e5 9. h3 Nd7 10. Bg5 f6 11. Be3 f5 12. dxe5 dxe5 13. Bg5 Bf6 14. Bxf6 Nxf6 15. Qa4 e4 16. Rad1 Qe7 17. Nd4 Bd7 18. Nxc6 Bxc6 19. Qb4 Qxb4 20. axb4 Rfd8 21. e3 a6 22. Rfe1 Kf7 23. Bf1 Ke7 24. Be2 Rxd1 25. Rxd1 Rd8 26. Rxd8 Kxd8 27. h4 Ke7 28. Kf1 Kd6 29. Ke1 Ke5 30. Kd2 h6 31. Nb1 g5 32. hxg5 hxg5 33. Na3 f4 34. gxf4+ gxf4 35. exf4+ Kxf4 36. Nc2 Bd7 37. Ne3 Ke5 38. Kc3 b6 39. c5 bxc5 40. bxc5 Bb5 41. Ng4+ Nxg4 42. Bxg4 a5 43. Bh5 Kd5 44. Bg6 Bd3 45. b4 axb4+ 46. Kxb4 Kd4 47. Bh5 Bf1 48. Bg6 Bg2 49. Kb5 e3 50. fxe3+ Kxe3 51. Be8 Kd4 52. Bc6 Bf1+ 53. Kb4 Be2 54. Ba4 Bd3 55. Bb3 Be2 56. Bc2 Bf1 57. Bf5 Be2 58. Bh3 Bd3 59. Bg2 Bc4 60. Bf3 Bd3 61. Bg2 Be2 62. Bh1 Bd3 63. Bg2 1/2-1/2


[Site "https://www.chess.com"]

[Event "Titled Tuesday Blitz March 28 Early 2023"]
[White "Perez Gormaz, Matias"]
[Black "Rakhmanov, Aleksandr"]
[WhiteFideId "3406342"]
[BlackFideId "4173708"]
[WhiteElo "2362"]
[BlackElo "2530"]
[Result "0-1"]
[Round "08"]
[TimeControl "180+2"]
[Date "2023.03.28"]
[WhiteClock "0:00:04"]
[BlackClock "0:01:29"]

1. e4 c5 2. c3 e6 3. d4 d5 4. e5 Nc6 5. Nf3 Qb6 6. Bd3 cxd4 7. cxd4 Bd7 8. Be2 Nh6 9. Bxh6 Qxb2 10. Nbd2 gxh6 11. Rb1 Qc3 12. Rb3 Qa5 13. Rxb7 Bb4 14. Bb5 O-O-O 15. Bxc6 Bxc6 16. Rxf7 Bb5 17. Qb1 Kb8 18. Kd1 Rc8 19. Re1 Ba4+ 20. Nb3 Bxe1 21. Nxe1 Qb4 22. Ke2 Ka8 23. Qb2 Rc3 24. Nd3 Bb5 25. Rf3 Rhc8 26. Kd2 Rxd3+ 0-1


[Site "https://www.chess.com"]

[Event "Titled Tuesday Blitz March 28 Early 2023"]
[White "Pichot, Alan"]
[Black "Rozman, Levy"]
[WhiteFideId "110973"]
[BlackFideId "2039877"]
[WhiteElo "2573"]
[BlackElo "2376"]
[Result "1-0"]
[Round "08"]
[TimeControl "180+2"]
[Date "2023.03.28"]
[WhiteClock "0:01:41"]
[BlackClock "0:01:26"]

1. e4 d5 2. exd5 Nf6 3. d4 Bg4 4. Be2 Bxe2 5. Qxe2 Qxd5 6. Nf3 Nc6 7. c4 Qe4 8. Nc3 Qxe2+ 9. Kxe2 e6 10. Rd1 O-O-O 11. Bf4 Bd6 12. Bxd6 Rxd6 13. Rd2 h6 14. Rad1 a6 15. h3 Rhd8 16. a3 Re8 17. Ne5 Nxe5 18. dxe5 Rxd2+ 19. Rxd2 Nd7 20. f4 f5 21. exf6 gxf6 22. Kf3 Kd8 23. Ne4 1-0


[Site "https://www.chess.com"]

[Event "Titled Tuesday Blitz March 28 Early 2023"]
[White "Poormosavi, Seyed Kian"]
[Black "Warmerdam, Max"]
[WhiteFideId "12585807"]
[BlackFideId "1048104"]
[WhiteElo "2334"]
[BlackElo "2518"]
[Result "1-0"]
[Round "08"]
[TimeControl "180+2"]
[Date "2023.03.28"]
[WhiteClock "0:02:31"]
[BlackClock "0:01:51"]

1. Nf3 Nf6 2. g3 g6 3. Bg2 Bg7 4. O-O O-O 5. d4 d6 6. c3 Nbd7 7. Nbd2 e5 8. e4 a5 9. a4 b6 10. Re1 Bb7 11. d5 Ne8 12. Nc4 Qe7 13. b4 Bc8 14. bxa5 bxa5 15. Ba3 Kh8 16. Rb1 f5 17. exf5 gxf5 18. Nfxe5 Nxe5 19. Nxe5 f4 20. Ng6+ 1-0


[Site "https://www.chess.com"]

[Event "Titled Tuesday Blitz March 28 Early 2023"]
[White "Aaditya Dhingra"]
[Black "Ozen, Bahadir"]
[WhiteFideId "25678191"]
[BlackFideId "6337058"]
[WhiteElo "2083"]
[BlackElo "2503"]
[Result "1-0"]
[Round "08"]
[TimeControl "180+2"]
[Date "2023.03.28"]
[WhiteClock "0:00:06"]
[BlackClock "0:00:23"]

1. e4 d6 2. d4 Nf6 3. Nc3 e5 4. Nf3 Nbd7 5. g4 g6 6. g5 Nh5 7. dxe5 dxe5 8. Be3 Bb4 9. Qd2 O-O 10. O-O-O Qe8 11. a3 Ba5 12. Kb1 Bb6 13. Nd5 c6 14. Nxb6 axb6 15. Qc3 Ra4 16. Nd2 Qe7 17. Nc4 b5 18. Nd6 Nb8 19. Nxc8 Rxc8 20. Bh3 Re8 21. f3 Nf4 22. Bxf4 exf4 23. Rd3 Qxg5 24. Rhd1 Rc4 25. Qd2 Rc5 26. Rd8 Re5 27. Bc8 Re7 28. Bxb7 Qe5 29. Rxe8+ Rxe8 30. Qd6 Qxd6 31. Rxd6 g5 32. Bxc6 Nxc6 33. Rxc6 Kg7 34. h3 h5 35. Rc5 f6 36. Rxb5 Rd8 37. Rb3 Rd1+ 38. Ka2 Rh1 39. a4 Rxh3 40. a5 g4 41. a6 g3 42. a7 g2 43. a8=Q g1=Q 44. Rb7+ Kh6 45. Qh8+ Kg5 46. Qg7+ Kh4 47. Qxg1 1-0


[Site "https://www.chess.com"]

[Event "Titled Tuesday Blitz March 28 Early 2023"]
[White "Kilic, Eray"]
[Black "Tica, Sven"]
[WhiteFideId "44517173"]
[BlackFideId "14526948"]
[WhiteElo "2328"]
[BlackElo "2348"]
[Result "0-1"]
[Round "08"]
[TimeControl "180+2"]
[Date "2023.03.28"]
[WhiteClock "0:00:45"]
[BlackClock "0:01:27"]

1. d4 g6 2. e4 Bg7 3. Nc3 a6 4. f4 b5 5. Nf3 Bb7 6. Bd3 d6 7. Qe2 Nd7 8. e5 e6 9. Ne4 Bxe4 10. Bxe4 d5 11. Bd3 c5 12. c3 c4 13. Bc2 Ne7 14. O-O Nc6 15. Be3 h5 16. Bf2 Bh6 17. Bh4 Qb6 18. Ng5 Bxg5 19. Bxg5 Ne7 20. Kh1 Nf5 21. Bxf5 exf5 22. a4 O-O 23. axb5 axb5 24. Qf3 Qc6 25. Rfe1 Rxa1 26. Rxa1 Ra8 27. Qd1 Nf8 28. Bf6 Nd7 29. Bg5 Nf8 30. Qf1 Ne6 31. Bh6 Kh7 32. Bg5 b4 33. h3 b3 34. Be7 Ra2 35. Ba3 Rxa1 36. Qxa1 Nxf4 37. Qf1 Nd3 38. Qf3 Qe6 39. Qe3 f4 40. Qf3 Kg7 41. Kh2 h4 42. Kg1 Nc1 43. Qf2 g5 44. Qf3 Kg6 45. Qd1 Nd3 46. Qa1 f3 47. Qf1 f2+ 48. Kh1 Qf5 49. Kh2 Qf4+ 50. Kh1 Qe4 0-1


[Site "https://www.chess.com"]

[Event "Titled Tuesday Blitz March 28 Early 2023"]
[White "Araujo Sanchez, Josue"]
[Black "Real_OceanStorm"]
[WhiteFideId "6416896"]
[WhiteElo "2416"]
[BlackElo "2792"]
[Result "0-1"]
[Round "08"]
[TimeControl "180+2"]
[Date "2023.03.28"]
[WhiteClock "0:00:06"]
[BlackClock "0:00:51"]

1. c4 Nf6 2. Nc3 g6 3. g3 Bg7 4. Bg2 O-O 5. e4 d6 6. d3 Nbd7 7. Nge2 c5 8. O-O Rb8 9. h3 a6 10. a4 b6 11. Be3 Bb7 12. Qd2 Ne5 13. f4 Nc6 14. f5 Na5 15. Rab1 Nd7 16. g4 e6 17. Bg5 f6 18. Bf4 e5 19. Be3 Nb3 20. Qd1 Nd4 21. Ng3 Qe7 22. h4 Rfc8 23. Nd5 Bxd5 24. exd5 b5 25. axb5 axb5 26. Be4 Nf8 27. fxg6 Nxg6 28. h5 Nf4 29. Bxd4 cxd4 30. Nf5 Qf8 31. b3 bxc4 32. bxc4 Qd8 33. Qd2 Bf8 34. Kh2 Rxb1 35. Rxb1 Qd7 36. Nxd4 Qg7 37. Ne6 Nxe6 38. dxe6 Re8 39. Qe3 Re7 40. Bf5 Re8 41. Kh3 Kh8 42. Ra1 Be7 43. Ra7 Qf8 44. Qf3 Qh6 45. Be4 f5 46. Bxf5 Qf6 47. Qf2 Rb8 48. Kg2 h6 49. Ra2 Rf8 50. Qe3 Kg7 51. Rf2 Qh4 52. Qg3 Qg5 53. Qf3 Kg8 54. Re2 Kh8 55. Rf2 Qg7 56. Ra2 Kg8 57. Ra8 Qf6 58. Rxf8+ Qxf8 59. Qb7 Kg7 60. Qd7 Kh8 61. Kf3 Kg7 62. Ke2 Kg8 63. Qb7 Qf6 64. Kd2 Kg7 65. Kc2 Qf8 66. Kb3 Qf6 67. Ka4 e4 68. Bxe4 Qa1+ 69. Kb5 Qb2+ 70. Kc6 Qf6 71. Kd7 Qf8 72. Kc6 Kf6 73. Qb2+ Kg5 74. Qd2+ Kxg4 75. Qg2+ Kh4 76. Bf3 Qc8+ 77. Kd5 Qc5+ 78. Ke4 Qe5# 0-1


[Site "https://www.chess.com"]

[Event "Titled Tuesday Blitz March 28 Early 2023"]
[White "Flores, Diego"]
[Black "Danielyan, Vahe"]
[WhiteFideId "108049"]
[BlackFideId "13304828"]
[WhiteElo "2606"]
[BlackElo "2423"]
[Result "0-1"]
[Round "08"]
[TimeControl "180+2"]
[Date "2023.03.28"]
[WhiteClock "0:00:06"]
[BlackClock "0:01:28"]

1. c4 e5 2. Nc3 Nf6 3. Nf3 Nc6 4. e3 Bb4 5. Nd5 Ba5 6. a3 d6 7. b4 Bb6 8. Nc3 O-O 9. Bb2 a5 10. Qb3 Re8 11. c5 dxc5 12. Bc4 Be6 13. Ng5 Bxc4 14. Qxc4 Qe7 15. bxc5 Bxc5 16. Nxf7 Qxf7 17. Qxc5 Nd4 18. exd4 exd4+ 19. Kf1 dxc3 20. Bxc3 Ne4 21. Qe3 Rad8 22. Re1 Qc4+ 23. Qe2 Nxd2+ 0-1


[Site "https://www.chess.com"]

[Event "Titled Tuesday Blitz March 28 Early 2023"]
[White "Crevatin, Leo"]
[Black "Wagner, Dennis"]
[WhiteFideId "1726307"]
[BlackFideId "24650684"]
[WhiteElo "2190"]
[BlackElo "2470"]
[Result "0-1"]
[Round "08"]
[TimeControl "180+2"]
[Date "2023.03.28"]
[WhiteClock "0:01:54"]
[BlackClock "0:01:41"]

1. d4 Nf6 2. c4 e6 3. Nc3 Bb4 4. e3 O-O 5. a3 Bxc3+ 6. bxc3 c5 7. Bd3 Nc6 8. Nf3 b6 9. O-O d6 10. e4 e5 11. d5 Ne7 12. Re1 h6 13. Bf1 Ng6 14. g3 Nh7 15. a4 f5 16. exf5 Bxf5 17. Bd3 Qf6 18. Bxf5 Qxf5 19. Be3 Qxf3 0-1


[Site "https://www.chess.com"]

[Event "Titled Tuesday Blitz March 28 Early 2023"]
[White "Csonka, Balazs"]
[Black "Toropov, Pavel"]
[WhiteFideId "742910"]
[BlackFideId "24129178"]
[WhiteElo "2404"]
[BlackElo "2182"]
[Result "1-0"]
[Round "08"]
[TimeControl "180+2"]
[Date "2023.03.28"]
[WhiteClock "0:00:16"]
[BlackClock "0:00:01"]

1. e4 e6 2. d4 d5 3. Nd2 dxe4 4. Nxe4 Nd7 5. Bd3 Ngf6 6. Qe2 Be7 7. Nf3 O-O 8. Bg5 h6 9. Bd2 Nxe4 10. Qxe4 Nf6 11. Qe2 b6 12. O-O-O Bb7 13. c4 Qc8 14. Rhg1 c5 15. g4 Nh7 16. d5 Re8 17. Bxh7+ Kxh7 18. Qd3+ Kg8 19. g5 h5 20. Ne5 exd5 21. Nxf7 Qe6 22. Nh6+ gxh6 23. gxh6+ Kh8 24. Rg7 Qe4 25. Qxe4 dxe4 26. Bc3 Bf8 27. Rxb7+ Kg8 28. h7# 1-0


[Site "https://www.chess.com"]

[Event "Titled Tuesday Blitz March 28 Early 2023"]
[White "Bas Mas, Jose Joaquin"]
[Black "Bitoon, Richard"]
[WhiteFideId "22219064"]
[BlackFideId "5201110"]
[WhiteElo "2233"]
[BlackElo "2374"]
[Result "0-1"]
[Round "08"]
[TimeControl "180+2"]
[Date "2023.03.28"]
[WhiteClock "0:00:10"]
[BlackClock "0:00:12"]

1. e4 e5 2. Bc4 Nf6 3. d3 Bc5 4. Nc3 d6 5. Qf3 Be6 6. Nge2 h6 7. Be3 Bb6 8. Bxe6 fxe6 9. Qg3 O-O 10. O-O-O Kh7 11. Kb1 Qe8 12. h3 c5 13. f4 Nh5 14. Qg4 Nd7 15. Rdf1 Ndf6 16. Qf3 exf4 17. Nxf4 Nxf4 18. Bxf4 Nh5 19. Qg4 Nxf4 20. Rxf4 Qg6 21. Qxg6+ Kxg6 22. Rhf1 Rxf4 23. Rxf4 h5 24. Kc1 Ba5 25. Kd2 d5 26. Ke2 Re8 27. Nd1 Bc7 28. Rf3 b5 29. Ne3 Be5 30. c3 d4 31. cxd4 Bxd4 32. b3 a5 33. Nc2 Be5 34. Na3 Rb8 35. Rf1 Bb2 36. Nc2 a4 37. Rb1 a3 38. Ne3 Kf6 39. Nd1 Bd4 40. Rc1 Ke5 41. Rc2 Rf8 42. Ke1 g5 43. Re2 g4 44. hxg4 hxg4 45. Kd2 Rf1 46. Nc3 Bxc3+ 47. Kxc3 Ra1 48. b4 Kd6 49. bxc5+ Kxc5 50. Kb3 b4 51. d4+ Kb5 52. d5 exd5 53. exd5 Rb1+ 54. Kc2 Rb2+ 55. Kd3 Rxe2 56. Kxe2 Kc5 57. Kd3 Kxd5 58. Kc2 Kc4 59. Kb1 Kc3 60. Kc1 b3 61. Kb1 b2 62. g3 Kd4 63. Kc2 Ke3 0-1


[Site "https://www.chess.com"]

[Event "Titled Tuesday Blitz March 28 Early 2023"]
[White "Samant Aditya S"]
[Black "Melaugh, Shane"]
[WhiteFideId "35080580"]
[BlackFideId "2509580"]
[WhiteElo "2362"]
[BlackElo "2034"]
[Result "1-0"]
[Round "08"]
[TimeControl "180+2"]
[Date "2023.03.28"]
[WhiteClock "0:00:10"]
[BlackClock "0:00:58"]

1. e4 c5 2. Nf3 e6 3. d4 cxd4 4. Nxd4 Nf6 5. Nc3 Nc6 6. Ndb5 Bb4 7. a3 Bxc3+ 8. Nxc3 O-O 9. Bd3 d5 10. O-O dxe4 11. Nxe4 Nxe4 12. Bxe4 Qxd1 13. Rxd1 Rd8 14. Be3 Bd7 15. Rd6 Be8 16. Rad1 Rxd6 17. Rxd6 Rc8 18. b3 Kf8 19. Bc5 Kg8 20. Rd2 b6 21. Bd6 Nd8 22. Kf1 Bc6 23. Bxc6 Nxc6 24. Bg3 Rd8 25. Rxd8+ Nxd8 26. Ke2 Kf8 27. Kd3 Ke7 28. c4 Kd7 29. b4 Kc6 30. b5+ Kb7 31. Bd6 f6 32. f4 a6 33. a4 axb5 34. axb5 Kc8 35. Bf8 g6 36. Be7 f5 37. Bxd8 Kxd8 38. Kd4 Kd7 39. c5 bxc5+ 40. Kxc5 Kc7 41. g3 h6 42. h4 e5 43. fxe5 g5 44. hxg5 hxg5 45. Kd4 Kb6 46. e6 Kc7 47. b6+ Kc6 48. e7 Kd7 49. b7 Kxe7 50. b8=Q Kf6 51. Qe5+ Kg6 52. Qe6+ Kh5 53. Qxf5 Kh6 54. g4 Kg7 55. Qxg5+ Kf7 56. Qf5+ Ke7 57. Qg6 Kd7 58. Qf6 Ke8 59. g5 1-0


[Site "https://www.chess.com"]

[Event "Titled Tuesday Blitz March 28 Early 2023"]
[White "Naroditsky, Daniel"]
[Black "Lewtak, Damian"]
[WhiteFideId "2026961"]
[BlackFideId "1141724"]
[WhiteElo "2633"]
[BlackElo "2302"]
[Result "1-0"]
[Round "08"]
[TimeControl "180+2"]
[Date "2023.03.28"]
[WhiteClock "0:00:25"]
[BlackClock "0:00:31"]

1. d4 d5 2. Nc3 e6 3. Bf4 a6 4. e3 c5 5. dxc5 Bxc5 6. Nf3 Nf6 7. Bd3 Bd6 8. Bxd6 Qxd6 9. O-O Nc6 10. e4 dxe4 11. Nxe4 Nxe4 12. Bxe4 Qxd1 13. Raxd1 Ke7 14. Bxc6 bxc6 15. Ne5 c5 16. Rd3 f6 17. Nc6+ Kf7 18. Rfd1 e5 19. Rc3 Be6 20. Rxc5 Rac8 21. c4 g5 22. b4 Kg7 23. a4 Rhe8 24. b5 axb5 25. cxb5 Bb3 26. Ra1 Red8 27. a5 Rd6 28. b6 Rd7 29. a6 Ra8 30. Rcc1 1-0


[Site "https://www.chess.com"]

[Event "Titled Tuesday Blitz March 28 Early 2023"]
[White "Wei, Yi"]
[Black "Titichoca Daza, Daniel"]
[WhiteFideId "8603405"]
[BlackFideId "3309550"]
[WhiteElo "2686"]
[BlackElo "2095"]
[Result "1-0"]
[Round "08"]
[TimeControl "180+2"]
[Date "2023.03.28"]
[WhiteClock "0:02:01"]
[BlackClock "0:01:21"]

1. b3 b6 2. e4 Bb7 3. Nc3 c5 4. Bb2 e6 5. Qe2 Nc6 6. O-O-O a6 7. Nf3 d6 8. d4 cxd4 9. Nxd4 Qc7 10. Nxc6 Bxc6 11. Nd5 Qb7 12. h4 Rc8 13. Nb4 Bxe4 14. f3 a5 15. Qb5+ Qd7 16. fxe4 axb4 17. Qxb6 Ne7 18. Rxd6 Nd5 19. Rxd5 Rxc2+ 20. Kxc2 Qc8+ 21. Kb1 exd5 22. Bb5+ Ke7 23. exd5 Qf5+ 24. Ka1 Qxd5 25. Re1+ 1-0


[Site "https://www.chess.com"]

[Event "Titled Tuesday Blitz March 28 Early 2023"]
[White "Moussard, Jules"]
[Black "Martic, Ivan"]
[WhiteFideId "642908"]
[BlackFideId "929301"]
[WhiteElo "2610"]
[BlackElo "2360"]
[Result "1-0"]
[Round "08"]
[TimeControl "180+2"]
[Date "2023.03.28"]
[WhiteClock "0:02:58"]
[BlackClock "0:01:02"]

1. b3 d5 2. Bb2 Bf5 3. Nf3 c6 4. e3 Nf6 5. d4 e6 6. Bd3 Be7 7. O-O O-O 8. c4 Nbd7 9. Qc2 Bxd3 10. Qxd3 a6 11. Nc3 b5 12. Rac1 Rc8 13. e4 bxc4 14. bxc4 dxe4 15. Nxe4 Nxe4 16. Qxe4 Bf6 17. Rfd1 Qa5 18. Bc3 Qxa2 19. Nd2 Qa3 20. Rc2 Qa4 21. Ra1 Nc5 22. dxc5 1-0


[Site "https://www.chess.com"]

[Event "Titled Tuesday Blitz March 28 Early 2023"]
[White "Costachi, Mihnea"]
[Black "Drori, Saar"]
[WhiteFideId "1217518"]
[BlackFideId "2812444"]
[WhiteElo "2456"]
[BlackElo "2322"]
[Result "0-1"]
[Round "08"]
[TimeControl "180+2"]
[Date "2023.03.28"]
[WhiteClock "0:00:34"]
[BlackClock "0:00:19"]

1. b3 c5 2. Bb2 Nc6 3. Nf3 d6 4. e3 e5 5. d3 g6 6. c4 Bg7 7. Nc3 Nge7 8. Be2 O-O 9. O-O d5 10. cxd5 Nxd5 11. Rc1 b6 12. Nd2 Be6 13. Bf3 Rc8 14. Nc4 Ndb4 15. Be2 Bf5 16. e4 Be6 17. a3 Na6 18. Nb5 Nc7 19. Nbd6 Rb8 20. a4 a6 21. f4 b5 22. axb5 axb5 23. Nxe5 Qxd6 24. Nxc6 Bxb2 25. Nxb8 Bxc1 26. Qxc1 Rxb8 27. f5 Bxb3 28. Kh1 Ne8 29. Qc3 c4 30. dxc4 bxc4 31. Bxc4 Qc7 32. fxg6 hxg6 33. Qxb3 Rxb3 34. Bxb3 Nd6 35. Bd5 Qe7 36. h3 Kg7 37. Re1 Qe5 38. Kg1 f5 39. Bc6 fxe4 40. Ba4 Qd4+ 41. Kh2 Qxa4 42. h4 Qd4 43. g3 Qd2+ 44. Re2 Qxe2+ 0-1


[Site "https://www.chess.com"]

[Event "Titled Tuesday Blitz March 28 Early 2023"]
[White "Pakleza, Zbigniew"]
[Black "Ordekalog"]
[WhiteFideId "1119290"]
[WhiteElo "2410"]
[BlackElo "2571"]
[Result "1-0"]
[Round "08"]
[TimeControl "180+2"]
[Date "2023.03.28"]
[WhiteClock "0:01:05"]
[BlackClock "0:00:14"]

1. d4 d5 2. Bf4 e6 3. e3 b6 4. c4 Nf6 5. Nc3 Be7 6. Nf3 O-O 7. Rc1 a6 8. Bd3 dxc4 9. Bxc4 Bb7 10. O-O Nbd7 11. Qe2 b5 12. Bb3 c5 13. Rfd1 Qb6 14. dxc5 Nxc5 15. Bc2 Rac8 16. Ne5 b4 17. Na4 Nxa4 18. Bxa4 Rfd8 19. h3 Nd5 20. Bg3 Nf6 21. Rxd8+ Rxd8 22. Nc6 Bxc6 23. Rxc6 Qb7 24. Rc7 Qe4 25. Rxe7 Qb1+ 26. Kh2 1-0


[Site "https://www.chess.com"]

[Event "Titled Tuesday Blitz March 28 Early 2023"]
[White "Derjabin, Ilja"]
[Black "Urazayev, Arystanbek"]
[WhiteFideId "14104768"]
[BlackFideId "13709810"]
[WhiteElo "2309"]
[BlackElo "2479"]
[Result "0-1"]
[Round "08"]
[TimeControl "180+2"]
[Date "2023.03.28"]
[WhiteClock "0:00:21"]
[BlackClock "0:01:28"]

1. d4 Nf6 2. c4 g6 3. Nc3 Bg7 4. e4 d6 5. Nge2 O-O 6. Ng3 a5 7. Be2 h5 8. O-O h4 9. Nh1 e5 10. d5 Na6 11. Bg5 h3 12. g4 Nc5 13. Ng3 Qe8 14. f3 Nh7 15. Be3 Qe7 16. Qd2 Bf6 17. Nb5 b6 18. Kh1 Ba6 19. Nc3 Bg5 20. Rg1 Bxe3 21. Qxe3 Qg5 22. Qf2 Qf4 23. b3 Ng5 24. Raf1 Qd2 25. Nd1 a4 26. Ne3 axb3 27. axb3 Bc8 28. Rd1 Nd3 29. Qf1 Qxe3 30. Rxd3 Qf4 31. Qc1 Ra2 32. Re3 Bd7 33. Bd1 Rfa8 34. Ne2 Nxf3 35. Rg3 Bxg4 0-1


[Site "https://www.chess.com"]